 Dungeon Crawl Stone Soup version 0.32-a0-42-ga30500b4d3 (webtiles) character file.

Game seed: 6077481101242791093

1559 whatisthis the Vexing (level 8, -2/54 HPs)
             Began as a Gnoll Hexslinger on Feb 1, 2024.
             Was a Believer of Hepliaklqana.
             Slain by a vampire mosquito (9 damage)
             ... on level 8 of the Dungeon.
             The game lasted 00:21:49 (6984 turns).

whatisthis the Vexing (Gnoll Hexslinger)            Turns: 6984, Time: 00:21:50

Health: -2/54      AC:  7    Str:  7    XL:     8   Next: 89%
Magic:  15/15      EV: 12    Int: 14    God:    Hepliaklqana [**....]
Gold:   300        SH:  0    Dex: 16    Spells: 16/16 levels left

rFire   . . .        y - +5 broad axe of the End {drain, rElec rC- Will+ Stlth+}
rCold   x . .        (no shield)
rNeg    + . .        e - +0 ring mail
rPois   .            (no helmet)
rElec   +            s - +0 cloak
rCorr   .            (no gloves)
SInv    +            (no boots)
Will    +....        (no amulet)
Stlth   +++          d - ring of see invisible
HPRegen 0.29/turn    z - ring of positive energy
MPRegen 0.14/turn

%: no passive effects
@: no status effects
A: reduced essence, fangs 1, strong nose, distributed training
a: Renounce Religion, Recall Ancestor, Ancestor Identity


You were on level 8 of the Dungeon.
You worshipped Hepliaklqana.
Hepliaklqana was pleased with you.
You visited 1 branch of the dungeon, and saw 7 of its levels.

You collected 300 gold pieces.

Inventory:

Hand Weapons
 a - a +1 sling
 c - a +1 flail of protection
 p - a +0 shortbow of flaming
 y - the +5 broad axe of the End (weapon) {drain, rElec rC- Will+ Stlth+}
   (You found it on level 6 of the Dungeon)

   rC-:       It makes you vulnerable to cold.
   rElec:     It insulates you from electricity.
   Will+:     It increases your willpower.
   Stlth+:    It makes you more stealthy.
Missiles
 m - 18 poisoned darts
 n - 2 darts of dispersal (quivered)
Armour
 e - a +0 ring mail (worn)
 s - a +0 cloak (worn)
Jewellery
 d - a ring of see invisible (left hand)
 z - a ring of positive energy (right hand)
Wands
 u - a wand of flame (12)
 w - a wand of polymorph (12)
Scrolls
 b - a scroll of poison
 f - 2 scrolls of noise
 k - 7 scrolls of identify {unknown}
 o - a scroll of acquirement {unknown}
 q - 4 scrolls of enchant armour {unknown}
 r - a scroll of silence {unknown}
 x - a scroll of enchant weapon {unknown}
Potions
 g - 3 potions of might {unknown}
 h - a potion of ambrosia
 i - a potion of degeneration {unknown}
 j - a potion of resistance {unknown}
 l - a potion of attraction
 t - a potion of curing
 v - a potion of heal wounds {unknown}


   Skills:
 + Level 4.6 Fighting
 + Level 3.8 Short Blades
 + Level 3.8 Long Blades
 + Level 3.8 Axes
 + Level 3.8 Maces & Flails
 + Level 3.8 Polearms
 + Level 3.8 Staves
 + Level 6.0 Ranged Weapons
 + Level 3.8 Throwing
 + Level 3.8 Armour
 + Level 6.0 Dodging
 + Level 3.8 Stealth
 + Level 3.8 Shields
 + Level 3.8 Unarmed Combat
 + Level 4.8 Spellcasting
 + Level 3.1 Conjurations
 + Level 6.3 Hexes
 + Level 3.1 Summonings
 + Level 3.1 Necromancy
 + Level 3.1 Translocations
 + Level 3.8 Fire Magic
 + Level 3.1 Ice Magic
 + Level 3.1 Air Magic
 + Level 3.1 Earth Magic
 + Level 3.1 Alchemy
 + Level 4.2 Invocations
 + Level 3.8 Evocations
 + Level 3.4 Shapeshifting


You had 16 spell levels left.
You didn't know any spells.
Your spell library contained the following spells:

 Spells                   Type           Power      Damage    Failure   Level
 Jinxbite                 Hex            42%        N/A       6%          2
 Ensorcelled Hibernation  Hex/Ice        32%        N/A       12%         2
 Sigil of Binding         Hex            21%        N/A       13%         3
 Inner Flame              Hex/Fire       17%        N/A       22%         3
 Blink                    Tloc           24%        N/A       24%         2
 Lesser Beckoning         Tloc           24%        N/A       24%         2
 Momentum Strike          Conj/Tloc      24%        3d8       24%         2
 Cause Fear               Hex            10%        N/A       38%         4
 Fugue of the Fallen      Necr           12%        N/A       43%         3
 Anguish                  Hex/Necr       8%         N/A       63%         4
 Dimensional Bullseye     Hex/Tloc       8%         N/A       63%         4


Dungeon Overview and Level Annotations

Branches:
Dungeon (6/15)
 Temple: D:4-7

Altars:
Hepliaklqana
Makhleb
Ru
Yredelemnul

Annotations:
D:4 2 runed translucent doors, Echelon's ghost, amateur HuFi
D:6 4 runed translucent doors


Innate Abilities, Weirdness & Mutations

Your life essence is reduced to manifest your ancestor. (-10% HP)
You have very sharp teeth.
Your uncanny sense of smell can sniff out nearby items.
Your experience applies equally to all skills.


Message History

* * * LOW HITPOINT WARNING * * *
The vampire mosquito draws strength from your injuries!
The vampire mosquito closely misses you.
The vampire mosquito bites you.
* * * LOW HITPOINT WARNING * * *
You hear the faint creaking of a very distant portcullis.
The vampire mosquito misses you. The vampire mosquito bites you.
You bump into the rock wall.
You feel less invigorated.
You feel less confused. The vampire mosquito barely misses you.
The vampire mosquito attacks as it pursues you!
The vampire mosquito barely misses you. The vampire mosquito bites you.
* * * LOW HITPOINT WARNING * * *
The vampire mosquito draws strength from your injuries!
The vampire mosquito bites you.
* * * LOW HITPOINT WARNING * * *
You hit the vampire mosquito. Your bite misses the vampire mosquito.
The vampire mosquito is moderately damaged.
The vampire mosquito bites you.
* * * LOW HITPOINT WARNING * * *
The vampire mosquito misses you. x2
You slash the vampire mosquito!
The vampire mosquito is severely damaged.
The vampire mosquito closely misses you. x2
You miss the vampire mosquito.
The vampire mosquito is severely damaged.
The vampire mosquito bites you.
* * * LOW HITPOINT WARNING * * *
The vampire mosquito draws strength from your injuries!
The vampire mosquito bites you but does no damage.
The vampire mosquito barely misses you.
You barely miss the vampire mosquito.
You bite the vampire mosquito, but do no damage.
The vampire mosquito is severely damaged.
The vampire mosquito bites you but does no damage.
The vampire mosquito bites you.
* * * LOW HITPOINT WARNING * * *
The vampire mosquito draws strength from your injuries!
The vampire mosquito bites you!
You die...

### ##### ## #.#
#...# # .# #.# #...#
.# # .# #.###...##.#
#.###.###..........#
#..@......##.....###
####y.###.........##
##...##...........#
#.......#.........+
##...#.#.#.#....#..#
#.......###....##..#
##.....## #######.##
##..##..:.......5#
#... ##.#######Q#


You could see a vampire mosquito.

Vanquished Creatures
  Sigmund (D:5)
  An orc warrior (D:5)
  2 centaurs
  2 ogres
  A kobold brigand (D:6)
  A bullfrog (D:6)
  A jelly (D:5)
  A gnoll sergeant (D:5)
  2 hounds (D:5)
  2 orc priests
  3 iguanas
  Ijyb (D:5)
  A human skeleton (D:4)
  An orc wizard (D:3)
  4 gnolls
  6 adders
  A shadow imp (D:6)
  A ribbon worm (D:2)
  A dart slug (D:3)
  10 orcs
  8 endoplasms
  5 giant cockroaches
  6 goblins
  4 hobgoblins
  6 quokkas
  4 ball pythons
  7 bats
  A frilled lizard (D:3)
  A goblin zombie (D:4)
  13 kobolds
  4 rats
102 creatures vanquished.

Vanquished Creatures (collateral kills)
  An ice beast (D:6)
  A bullfrog (D:6)
  An orc priest (D:6)
  2 iguanas (D:6)
  3 gnolls
  2 adders (D:6)
  An orc (D:5)
11 creatures vanquished.

Vanquished Creatures (others)
  4 ancestors
  2 knights
6 creatures vanquished.

Grand Total: 119 creatures vanquished

Notes
Turn   | Place    | Note
-------+----------+-------------------------------------------
     0 | D:1      | whatisthis the Gnoll Hexslinger began the quest for the
                  | Orb.
     0 | D:1      | Reached XP level 1. HP: 17/17 MP: 4/4
   102 | D:1      | Reached XP level 2. HP: 22/23 MP: 5/5
   237 | D:1      | Found a faded altar of an unknown god.
   710 | D:2      | Reached XP level 3. HP: 10/28 MP: 7/7
   744 | D:2      | Reached skill level 1 in Invocations
  1255 | D:2      | Reached skill level 1 in Short Blades
  1255 | D:2      | Reached skill level 1 in Long Blades
  1255 | D:2      | Reached skill level 1 in Axes
  1255 | D:2      | Reached skill level 1 in Maces & Flails
  1255 | D:2      | Reached skill level 1 in Polearms
  1255 | D:2      | Reached skill level 1 in Staves
  1255 | D:2      | Reached skill level 1 in Throwing
  1255 | D:2      | Reached skill level 1 in Armour
  1255 | D:2      | Reached skill level 1 in Stealth
  1255 | D:2      | Reached skill level 1 in Shields
  1255 | D:2      | Reached skill level 1 in Unarmed Combat
  1255 | D:2      | Reached skill level 1 in Evocations
  1412 | D:2      | Reached skill level 1 in Shapeshifting
  1412 | D:2      | Reached XP level 4. HP: 34/34 MP: 8/8
  1807 | D:3      | Reached skill level 1 in Conjurations
  1807 | D:3      | Reached skill level 1 in Summonings
  1807 | D:3      | Reached skill level 1 in Necromancy
  1807 | D:3      | Reached skill level 1 in Translocations
  1807 | D:3      | Reached skill level 1 in Ice Magic
  1807 | D:3      | Reached skill level 1 in Air Magic
  1807 | D:3      | Reached skill level 1 in Earth Magic
  1807 | D:3      | Reached skill level 1 in Alchemy
  2868 | D:4      | Noticed a human
  2868 | D:4      | Found a runed translucent door.
  2893 | D:3      | Reached XP level 5. HP: 39/40 MP: 9/9
  3463 | D:4      | Found a runed translucent door.
  3465 | D:4      | Noticed Echelon's ghost (amateur HuFi)
  3480 | D:4      | Reached XP level 6. HP: 47/47 MP: 9/11
  3545 | D:4      | Found a hazy altar of Hepliaklqana.
  3545 | D:4      | Found a sacrificial altar of Ru.
  3558 | D:4      | Found a basalt altar of Yredelemnul.
  3595 | D:4      | Became a worshipper of Hepliaklqana the Forgotten
  3753 | D:4      | Found a burning altar of Makhleb.
  3753 | D:4      | Noticed a blizzard demon
  3756 | D:4      | Noticed a hellwing
  3756 | D:4      | Noticed a neqoxec
  3845 | D:5      | Entered Level 5 of the Dungeon
  3854 | D:5      | Reached skill level 5 in Ranged Weapons
  3854 | D:5      | Reached skill level 5 in Dodging
  3997 | D:4      | HP: 2/47 [phantom (4)]
  4449 | D:5      | Reached * piety under Hepliaklqana
  4452 | D:5      | Noticed Ijyb
  4458 | D:5      | Killed Ijyb
  4587 | D:5      | Reached XP level 7. HP: 32/46 MP: 12/12
  4711 | D:5      | Noticed Sigmund
  5627 | D:6      | Reached XP level 8. HP: 54/54 MP: 14/14
  5704 | D:6      | Found a large runed translucent door.
  5704 | D:6      | Found a large runed translucent door.
  5708 | D:6      | Noticed a yak
  5730 | D:6      | Noticed a two-headed ogre
  6196 | D:5      | Killed Sigmund
  6318 | D:6      | Reached ** piety under Hepliaklqana
  6320 | D:6      | Remembered your ancestor Lwandle as a knight
  6340 | D:6      | Found a large runed translucent door.
  6340 | D:6      | Found a large runed translucent door.
  6412 | D:6      | Identified the +5 broad axe of the End {drain, rElec rC-
                  | Will+ Stlth+}
  6756 | D:6      | Noticed a two-headed ogre
  6927 | D:6      | You fall into a shaft and drop 2 floors!
  6946 | D:8      | Noticed a tengu warrior
  6984 | D:8      | Slain by a vampire mosquito

Illustrated notes

Levels and vault maps discovered:
D:1:      shiori_arrival_oz, layout_basic,
          shapermc_ecumenical_altar_mp_ritualfount,
          nicolae_kite_square_tiling_tiny
D:2:      kennysheep_big_flooded_room, layout_loops_ring, serial_forest,
          infiniplex_forest_straight_3, infiniplex_forest_lined_2,
          infiniplex_forest_clump_double, infiniplex_forest_lined_ring,
          infiniplex_forest_lined_3_way, infiniplex_forest_clump_small,
          infiniplex_forest_lined_4_way
D:3:      layout_basic, kennysheep_cluttered_room
D:4:      layout_gridville, makhleb_altar_promises_db,
          mainiacjoe_overflow_divided_tiny, dk_yredelemnul_ordeal,
          hellmonk_ghost_happy_afterlife
D:5:      layout_gridville, uniq_ijyb, uniq_sigmund
D:6:      layout_layer_cave, grunt_ministairs_8, minivault_1,
          minmay_hollow_rounded_squares
D:8:      layout_loops_corners, lemuel_coloured_pillars_altar, enter_bailey_6,
          minmay_manual_monstrance

Skill      XL: |  1  2  3  4  5  6  7  8 |
---------------+-------------------------+-----
Fire Magic     | 2 3 |  3.8
Invocations    | 1 2 3 4 |  4.2
Short Blades   | 1 2 3 |  3.8
Long Blades    | 1 2 3 |  3.8
Axes           | 1 2 3 |  3.8
Maces & Flails | 1 2 3 |  3.8
Polearms       | 1 2 3 |  3.8
Staves         | 1 2 3 |  3.8
Throwing       | 1 2 3 |  3.8
Armour         | 1 2 3 |  3.8
Stealth        | 1 2 3 |  3.8
Shields        | 1 2 3 |  3.8
Unarmed Combat | 1 2 3 |  3.8
Evocations     | 1 2 3 |  3.8
Shapeshifting  | 1 2 3 |  3.4
Spellcasting   | 3 4 |  4.8
Conjurations   | 1 2 3 |  3.1
Summonings     | 1 2 3 |  3.1
Necromancy     | 1 2 3 |  3.1
Translocations | 1 2 3 |  3.1
Ice Magic      | 1 2 3 |  3.1
Air Magic      | 1 2 3 |  3.1
Earth Magic    | 1 2 3 |  3.1
Alchemy        | 1 2 3 |  3.1
Fighting       | 3 4 |  4.6
Ranged Weapons | 5 6 |  6.0
Dodging        | 5 6 |  6.0
Hexes          | 6 |  6.3

Action                     |  1- 3 |  4- 6 |  7- 9 || total
---------------------------+-------+-------+-------++-------
  Melee: Hand axe          |    49 |       |       ||    49
         Bite              |     1 |     9 |    10 ||    20
         Punch             |     1 |       |     4 ||     5
         Mace              |       |    32 |       ||    32
         Spear             |       |    55 |    24 ||    79
         Flail             |       |     7 |    22 ||    29
         Broad axe         |       |       |    14 ||    14
   Fire: Sling             |    82 |    79 |    30 ||   191
         Arbalest          |       |    27 |       ||    27
         Shortbow          |       |       |    46 ||    46
  Throw: Dart              |       |       |     5 ||     5
 Invoke: Recall Ancestor   |       |       |     2 ||     2
         Ancestor Life: Kn |       |       |     1 ||     1
  Evoke: Wand              |       |     7 |    10 ||    17
    Use: Potion            |     2 |     4 |     1 ||     7
         Scroll            |       |     2 |     1 ||     3
   Stab: Sleeping          |       |       |     3 ||     3
 Armour: Ring mail         |    65 |   142 |   114 ||   321
  Dodge: Dodged            |    61 |   107 |    87 ||   255

Table legend: (Time is in decaauts)
 A = Elapsed time spent in this place.
 B = Non-inter-level travel time spent in this place.
 C = Inter-level travel time spent in this place.
 D = Time resting spent in this place.
 E = Time spent auto-exploring this place.
 F = Levels seen in this place.
 G = Mean time per level.
                   A        B        C        D        E       F      G
               +--------+--------+--------+--------+--------+-----+--------+
         Total |   7114 |   6761 |    353 |   1323 |   2738 |   7 | 1016.3 |
       Dungeon |   7114 |   6761 |    353 |   1323 |   2738 |   7 | 1016.3 |
               +--------+--------+--------+--------+--------+-----+--------+

Top non-repeatable levels by time:
     D:3: 1677 daAuts
     D:6: 1386 daAuts
     D:5: 1275 daAuts
     D:4: 1067 daAuts
     D:2: 1040 daAuts
     D:1: 610 daAuts
     D:8: 58 daAuts
